 Dungeon Crawl Stone Soup version 0.16.1-2-g95b8d4c (webtiles) character file.

163 ventricule the Vexing (level 5, 0/33 HPs)
             Began as an Octopode Arcane Marksman on Mar 24, 2015.
             Killed from afar by a goblin (27 damage)
             ... with an exploding inner flame
             ... hexed by the player character
             ... on level 2 of the Dungeon.
             The game lasted 00:16:10 (4889 turns).

ventricule the Vexing (Octopode Arcane Marksman)    Turns: 4889, Time: 00:16:11

Health: 0/33       AC:  1    Str: 10    XL:     5   Next: 44%
Magic:  2/9        EV: 12    Int: 17    God:
Gold:   87         SH:  0    Dex: 11    Spells: 3 memorised, 3 levels left

rFire  . . .     SeeInvis .     a - +1 whip (elec)
rCold  . . .     Clarity  .     (no shield)
rNeg   . . .     SustAb   .     (helmet restricted)
rPois  .         Gourm    .     (no amulet)
rElec  .         Spirit   .     (no ring)
rCorr  .         Warding  .     (no ring)
rMut   .         Stasis   .     (no ring)
MR     .....                    (no ring)
Stlth  +++.......               (no ring)
                                (no ring)
                                (no ring)
                                (no ring)

@: not resistant to hostile enchantments, fairly stealthy
A: almost no armour, amphibious, 8 rings, constrict 8, camouflage 1, gelatinous
body 1
a: no special abilities


You were on level 2 of the Dungeon.
You were not hungry.

You visited 1 branch of the dungeon, and saw 3 of its levels.

You collected 87 gold pieces.

Inventory:

Hand weapons
 a - a +1 whip of electrocution (weapon)
 b - a +0 shortbow
 m - a +0 war axe
Missiles
 c - 26 arrows
Magical devices
 l - a wand of magic darts (16)
Scrolls
 e - 3 scrolls of fog
 j - 3 scrolls of identify
Potions
 h - a potion of might
 k - 3 potions of heal wounds
Books
 d - a book of Debilitation

   Spells                             Type                      Level
   a - Corona                         Hexes                        1
   b - Slow                           Hexes                        2
   c - Inner Flame                    Hexes/Fire                   3
   d - Enslavement                    Hexes                        4
   e - Cause Fear                     Hexes                        4
   f - Leda's Liquefaction            Hexes/Earth                  4
Comestibles
 f - 3 bread rations
 g - a beef jerky
 i - a slice of pizza
 n - 2 chunks of flesh


   Skills:
 - Level 1.0 Fighting
 + Level 3.5 Bows
 - Level 2.0 Dodging
 - Level 1.3 Stealth
 + Level 2.5 Spellcasting
 - Level 4.1 Hexes


You had 3 spell levels left.
You knew the following spells:

 Your Spells              Type           Power        Failure   Level  Hunger
a - Corona                Hex            ###....      3%          1    #......
b - Slow                  Hex            ###.....     6%          2    ##.....
c - Inner Flame           Hex/Fire       #.......     24%         3    ###....


Dungeon Overview and Level Annotations

Branches:
Dungeon (3/15)

Altars:

Annotations:
D:2 Sigmund


Innate Abilities, Weirdness & Mutations

You cannot wear most types of armour.
You are amphibious.
You can wear up to eight rings at the same time.
You can use your tentacles to constrict many enemies at once.
Your skin changes colour to match your surroundings (Stealth).
Your rubbery body absorbs attacks (AC +1).


Message History

Ijyb is outlined in light.
You barely miss Ijyb. You grab Ijyb.
Ijyb is moderately wounded.
You constrict Ijyb, but do no damage. Ijyb hits you.
You hit Ijyb. Your squeeze misses Ijyb.
Ijyb is moderately wounded.
You constrict Ijyb. Ijyb misses you.
You hit Ijyb but do no damage.
Ijyb is moderately wounded.
You constrict Ijyb. You hit Ijyb.
Ijyb is severely wounded.
You constrict Ijyb. Ijyb barely misses you.
You hit Ijyb.
There is a sudden explosion of sparks!
You kill Ijyb!
You hit the goblin.
The goblin explodes!
The fiery explosion engulfs you!
Ouch! That really hurt!
You die...

######.....####..# #.# #)#
......>....'.....## #.# #.#
#######....#####..## #.# #.#
#............# #.# #.#
#............# #.# #.#
#............# #.# #.#
###..........# #.# #.#
##########..§###.###.# #.#
......((....§§@).)...# #.#
##.....(##..§###..##########.#
#...... #...# #.............#
#../... ##### #...###########
#.....g ##..# ....g. #..#
..... #..# .... ##># . ###


There were no monsters in sight!

Vanquished Creatures
  Ijyb (D:2)
  6 gnolls
  2 adders
  3 worms
  4 giant geckos
  An ooze (D:2)
  An orc (D:3)
  4 bats
  3 hobgoblins
  11 jackals
  6 giant cockroaches
  A giant newt (D:2)
  10 goblins
  10 kobolds
  10 rats
73 creatures vanquished.

Notes
Turn   | Place    | Note
--------------------------------------------------------------
     0 | D:1      | ventricule, the Octopode Arcane Marksman, began the quest for the Orb.
     0 | D:1      | Reached XP level 1. HP: 13/13 MP: 2/2
   482 | D:1      | Reached XP level 2. HP: 12/18 MP: 1/3
   487 | D:1      | Learned a level 2 spell: Slow
  1677 | D:2      | Reached XP level 3. HP: 14/23 MP: 0/4
  2085 | D:2      | Reached skill level 4 in Hexes
  2110 | D:2      | Noticed Sigmund
  2494 | D:2      | Reached XP level 4. HP: 24/28 MP: 3/6
  2841 | D:2      | Learned a level 3 spell: Inner Flame
  2928 | D:3      | Reached skill level 1 in Stealth
  4123 | D:3      | Reached XP level 5. HP: 33/33 MP: 3/9
  4789 | D:2      | Noticed Ijyb
  4888 | D:2      | Killed Ijyb
  4889 | D:2      | Killed from afar by a goblin

Action                   |  1- 3 |  4- 6 || total
-------------------------+-------+-------++-------
Melee: Unarmed           |    75 |    32 ||   107
       Whip              |       |    53 ||    53
       War axe           |       |     6 ||     6
 Fire: Shortbow          |    18 |    30 ||    48
 Cast: Corona            |    36 |    38 ||    74
       Slow              |     3 |     5 ||     8
       Inner Flame       |       |     1 ||     1
Evoke: Wand              |       |     2 ||     2
  Use: Potion            |     2 |       ||     2
       Scroll            |       |     8 ||     8
 Stab: Sleeping          |       |     1 ||     1
  Eat: Chunk             |     6 |     9 ||    15
